 Seeded DCSS version 0.28-a0-1235-g7c8fac35f0 (webtiles) character file.

Game seed: 11023650935340118060 (custom seed)

140 croobank the Sneak (level 5, -5/22 HPs)
             Began as a Felid Air Elementalist on Dec 24, 2021.
             Slain by a gnoll (13 damage)
             ... on level 2 of the Dungeon.
             The game lasted 00:14:46 (4249 turns).

croobank the Sneak (Felid Air Elementalist)         Turns: 4249, Time: 00:14:46

Health: -5/22      AC:  1    Str:  6    XL:     5   Next: 2%
Magic:  1/9        EV: 18    Int: 16    God:
Gold:   63         SH:  0    Dex: 17    Spells: 6/9 levels left
                                        Lives:  0   Deaths: 1

rFire   . . .      SeeInvis +     - Unarmed
rCold   . . .      Faith    .   (shield unavailable)
rNeg    . . .      Spirit   .   (armour unavailable)
rPois   .          Reflect  .   (helmet unavailable)
rElec   .          Harm     .   (cloak unavailable)
rCorr   .          Rampage  .   (gloves unavailable)
Will    .....                   (boots unavailable)
Stlth   +++.......              (no amulet)
HPRegen 0.07/turn               (no ring)
MPRegen 0.11/turn               (no ring)

@: quick
A: very small, claws 1, fangs 3, see invisible, speed 1, shaggy fur 1, stealthy
paws, no weapons or thrown items, no armour, multi-lived
a: no special abilities


You were on level 2 of the Dungeon.
You visited 1 branch of the dungeon, and saw 3 of its levels.

You collected 63 gold pieces.

Inventory:

Missiles
 a - 114 stones
Scrolls
 c - a scroll of vulnerability {vulnerability, unknown}


   Skills:
 + Level 2.1 Fighting
 - Level 3.7 Dodging
 - Level 3.8 Stealth
 + Level 2.1 Unarmed Combat
 - Level 2.6 Spellcasting
 - Level 1.8 Conjurations
 - Level 3.2 Air Magic


You had 6 spell levels left.
You knew the following spells:

 Your Spells              Type           Power      Damage    Failure   Level
a - Shock                 Conj/Air       40%        1d5       7%          1
b - Static Discharge      Conj/Air       10%        N/A       11%         2

Your spell library contained the following spells:

 Spells                   Type           Power      Damage    Failure   Level
 Swiftness                Air            12%        N/A       16%         3
 Airstrike                Air            6%         N/A       45%         4


Dungeon Overview and Level Annotations

Branches:
Dungeon (3/15)

Altars:


Innate Abilities, Weirdness & Mutations

You have sharp claws.
You have razor-sharp teeth.
You have supernaturally acute eyesight. (SInv)
You cover ground quickly. (Speed+)
You are covered in fur. (AC +1)
Your paws help you pounce on unaware monsters.
You are incapable of wielding weapons or throwing items.
You cannot wear armour.
You gain extra lives every three experience levels.


Message History

Aiming: Shock (safe; 7% risk of failure)
Press: ? - help, Shift-Dir - straight line, f/p - gnoll
Aim: a gnoll, wielding a +0 whip (moderately wounded, 72% to hit)
The zap hits the gnoll but does no damage.
The gnoll is moderately wounded.
Casting: Shock (safe; 7% risk of failure)
Confirm with . or Enter, or press ? or * to list all spells.
The gnoll is struck by an arc of lightning!
The gnoll is almost dead.
You are struck by an arc of lightning.
The lightning grounds out.
The gnoll hits you with a +0 whip.
An endoplasm comes into view.
The gnoll completely misses you.
Casting: Static Discharge (safe; 11% risk of failure)
Confirm with . or Enter, or press ? or * to list all spells.
The gnoll is struck by an arc of lightning.
You kill the gnoll!
The gnoll is struck by an arc of lightning.
The gnoll is moderately wounded.
The gnoll hits you from afar with a +0 spear!
You have reached level 5!
You feel agile. The gnoll closely misses you. The gnoll misses you.
You climb upwards.
There is a stone staircase leading down here.
Casting: Static Discharge (safe; 11% risk of failure)
Confirm with . or Enter, or press ? or * to list all spells.
The gnoll is struck by an arc of lightning.
The gnoll is moderately wounded.
You are struck by an arc of lightning.
The lightning grounds out.
The gnoll barely misses you. The gnoll barely misses you.
You scratch the gnoll.
The gnoll is severely wounded.
The gnoll misses you.
You barely miss the gnoll.
The gnoll is severely wounded.
The gnoll hits you with a +0 flail!
Ouch! That really hurt!
You die...

#.# #.# #.# #########.## #.#
#.# #..........# #.# #.# ##
#..........#######.## #.# #.
#..........^........# #.####.
#........<..........# #.##...
#...................# #.#....
#............)......####.#...#
#...........)@g.............##
#..........##)####.####..##...
#.......)..##.# #.####..#####
#..........##.# #.......#####
#########.###.########........
#.....................
#####.########.#......
#.................
##########.#......


You could see a gnoll.

Vanquished Creatures
  Jessica (D:2)
  Natasha (thrice) (D:2)
  2 gnolls
  An adder (D:2)
  2 worms (D:2)
  2 dart slugs
  An orc (D:2)
  4 ball pythons (D:2)
  4 bats (D:1)
  5 endoplasms (D:1)
  5 giant cockroaches
  2 goblins
  9 hobgoblins
  9 jackals
  4 kobolds
  2 quokkas (D:1)
  A frilled lizard (D:2)
  4 rats
61 creatures vanquished.

Notes
Turn   | Place    | Note
-------+----------+-------------------------------------------
     0 | D:1      | croobank the Felid Air Elementalist began the quest for the
                  | Orb.
     0 | D:1      | Reached XP level 1. HP: 7/7 MP: 4/4
   100 | D:1      | Reached skill level 1 in Conjurations
   343 | D:1      | You fall into a shaft and drop 1 floor!
   347 | D:2      | Reached XP level 2. HP: 11/11 MP: 3/6
   352 | D:2      | Learned a level 2 spell: Static Discharge
  1154 | D:1      | Reached XP level 3. HP: 7/14 MP: 0/7
  2227 | D:2      | Noticed Jessica
  2243 | D:2      | Killed Jessica
  2244 | D:2      | Reached XP level 4. HP: 9/18 MP: 1/8
  2864 | D:2      | Found a faded altar of an unknown god.
  3213 | D:2      | Noticed Natasha
  3226 | D:2      | Killed Natasha
  3227 | D:2      | Reached skill level 1 in Fighting
  3227 | D:2      | Reached skill level 1 in Unarmed Combat
  3236 | D:2      | Noticed Natasha
  3267 | D:2      | Slain by Natasha
  3268 | D:2      | Reached XP level 3. HP: 0/15 MP: 4/7
  3280 | D:2      | Killed Natasha
  3281 | D:2      | Reached XP level 4. HP: 12/19 MP: 3/8
  3298 | D:2      | Noticed Natasha
  3312 | D:2      | Killed Natasha
  4244 | D:3      | Reached XP level 5. HP: 9/22 MP: 2/9
  4249 | D:2      | Slain by a gnoll

Illustrated notes

Levels and vault maps discovered:
D:1:      mainiacjoe_arrival_reflecting_pool, layout_loops_corners,
          minmay_split_cup_large
D:2:      layout_basic, basic_ecumenical_altar, minmay_tetromino_s4,
          uniq_jessica, uniq_natasha
D:3:      layout_rooms, gammafunk_temple_overflow_claw

Skill      XL: |  1  2  3  4 |
---------------+-------------+-----
Conjurations   | 1 |  1.8
Stealth        | 3 |  3.8
Dodging        | 3 |  3.7
Air Magic      | 3 |  3.2
Fighting       | 2 |  2.1
Unarmed Combat | 2 |  2.1
Spellcasting   | |  2.6

Action                   |  1- 3 |  4- 6 || total
-------------------------+-------+-------++-------
Melee: Unarmed           |    41 |    40 ||    81
       Bite              |     6 |     5 ||    11
 Cast: Shock             |    79 |    62 ||   141
       Static Discharge  |     3 |     6 ||     9
  Use: Scroll            |       |     2 ||     2
       Potion            |       |     1 ||     1
Armor: Skin              |     4 |     2 ||     6
Dodge: Dodged            |    43 |    51 ||    94

Table legend: (Time is in decaauts)
 A = Elapsed time spent in this place.
 B = Non-inter-level travel time spent in this place.
 C = Inter-level travel time spent in this place.
 D = Time resting spent in this place.
 E = Time spent auto-exploring this place.
 F = Levels seen in this place.
 G = Mean time per level.
                   A        B        C        D        E       F      G
               +--------+--------+--------+--------+--------+-----+--------+
         Total |   3997 |   3979 |     18 |   2302 |   1202 |   3 | 1332.3 |
       Dungeon |   3997 |   3979 |     18 |   2302 |   1202 |   3 | 1332.3 |
               +--------+--------+--------+--------+--------+-----+--------+

Top non-repeatable levels by time:
     D:1: 2067 daAuts
     D:2: 1906 daAuts
     D:3: 23 daAuts
